 Dungeon Crawl Stone Soup version 0.21-a0-38-g95c5c02 (webtiles) character file.

210 seren the Cutter (level 6, -1/41 HPs)
             Began as a Halfling Fighter on May 29, 2017.
             Killed by nerve-wracking pain
             ... invoked by an orc priest
              (6 damage)
             ... on level 4 of the Dungeon.
             The game lasted 00:07:27 (2416 turns).

seren the Cutter (Halfling Fighter)                 Turns: 2416, Time: 00:07:28

Health: -1/41      AC:  8    Str: 18    XL:     6   Next: 12%
Magic:  6/6        EV:  9    Int:  7    God:
Gold:   211        SH:  9    Dex: 14    Spells: 5/5 levels left

rFire    . . .     SeeInvis .   a - +0 rapier
rCold    . . .     Gourm    .   c - +0 shield
rNeg     . . .     Faith    .   k - +0 scale mail
rPois    .         Spirit   .   (no helmet)
rElec    .         Reflect  .   (no cloak)
rCorr    .         Harm     .   i - +0 pair of gloves
MR       .....                  (no boots)
Stlth    ..........             (no amulet)
Regen    0.2/turn               (no ring)
MPRegen  0.1/turn               (no ring)

@: no status effects
A: mutation resistance 1
a: no special abilities


You were on level 4 of the Dungeon.
You were not hungry.

You visited 1 branch of the dungeon, and saw 4 of its levels.

You collected 211 gold pieces.

Inventory:

Hand Weapons
 a - a +0 rapier (weapon)
 b - a +0 hunting sling
Missiles
 l - 104 stones (quivered)
 p - 41 sling bullets
Armour
 c - a +0 shield (worn)
 i - a +0 pair of gloves (worn)
 k - a +0 scale mail (worn)
Scrolls
 e - a scroll of amnesia {unknown}
 h - a scroll of teleportation {unknown}
 j - a scroll of recharging {unknown}
 n - 2 scrolls of identify
 o - 2 scrolls of noise {unknown}
 t - a scroll of magic mapping {unknown}
 u - a scroll of fog {unknown}
 x - 2 scrolls of remove curse {unknown}
 y - a scroll of blinking {unknown}
Potions
 d - a potion of might
 m - a potion of resistance
 q - a potion of flight
 z - a potion of brilliance {unknown}
Comestibles
 f - 3 bread rations
 r - a meat ration
 s - 2 royal jellies
 w - 4 fruits


   Skills:
 - Level 2.6 Fighting
 - Level 6.8 Short Blades
 + Level 2.2 Slings
 - Level 3.2 Armour
 - Level 3.2 Shields


You had 5 spell levels left.
You didn't know any spells.

Dungeon Overview and Level Annotations

Branches:
Dungeon (4/15)
 Temple: D:4-7

Altars:
Gozag
Hepliaklqana
Makhleb
Vehumet

Annotations:
D:4 Nico3ck's ghost, amateur FoWz


Innate Abilities, Weirdness & Mutations

You are small and have problems with some larger weapons.
You are somewhat resistant to further mutation.


Message History

Increase (S)trength, (I)ntelligence, or (D)exterity?
You feel stronger. The orc wizard barely misses you.
The orc priest barely misses you.
An orc comes into view.
The orc priest invokes the aid of Beogh against you.
Beogh smites you!
* * * LOW HITPOINT WARNING * * *
The gnoll shouts!
The gnoll shaman mumbles some strange prayers to its god against you.
You resist with some effort.
The orc wizard gestures wildly while chanting.
The orc wizard blinks!
You block the gnoll shaman's attack. The gnoll barely misses you.
There is a stone staircase leading up here.
The orc wizard casts a spell.
The orc wizard blinks!
The gnoll shaman closely misses you. You block the gnoll's attack.
The orc priest mumbles some strange prayers to Beogh against you.
Pain shoots through your body!
You die...

.####.###.......####.# #.##
..................##.# #..#####
.....#.#.............######.....#
................##........#.....#
.g......#.......##...####o......#
....###..............o..oo......#
.r............g..##ยง.######.....#
.#########.....g.....######.>...#
#########.......@.o.......#......
.g........######..........#######
########### #...........######
#.................
#..........######. #..........# #.
#..........# ## ############


You could see a gnoll shaman, an orc priest, a gnoll and an orc.

Vanquished Creatures
  A crimson imp (D:3)
  An orc wizard (D:4)
  A worker ant (D:3)
  6 adders
  3 worms
  2 dart slugs
  A leopard gecko (D:2)
  6 orcs (D:3)
  6 bats
  3 giant cockroaches
  4 goblins
  5 hobgoblins
  5 jackals
  4 kobolds
  A quokka (D:2)
  3 frilled lizards
  2 rats
54 creatures vanquished.

Notes
Turn   | Place    | Note
-------+----------+-------------------------------------------
     0 | D:1      | seren the Halfling Fighter began the quest for the Orb.
     0 | D:1      | Reached XP level 1. HP: 15/15 MP: 1/1
   254 | D:1      | Reached skill level 3 in Short Blades
   345 | D:1      | Reached XP level 2. HP: 20/20 MP: 2/2
   515 | D:2      | Found a burning altar of Makhleb.
   559 | D:2      | Reached skill level 4 in Short Blades
   559 | D:2      | Reached XP level 3. HP: 16/25 MP: 3/3
   897 | D:2      | Found a hazy altar of Hepliaklqana.
  1032 | D:2      | Reached XP level 4. HP: 18/30 MP: 4/4
  1046 | D:2      | Reached skill level 5 in Short Blades
  1093 | D:2      | Found an opulent altar of Gozag.
  1486 | D:3      | Found a burning altar of Makhleb.
  1487 | D:3      | Found a radiant altar of Vehumet.
  1514 | D:3      | Reached XP level 5. HP: 35/35 MP: 5/5
  1696 | D:3      | Reached skill level 6 in Short Blades
  2275 | D:4      | Noticed Nico3ck's ghost (amateur FoWz)
  2407 | D:4      | Reached XP level 6. HP: 16/41 MP: 6/6
  2416 | D:4      | Killed from afar by an orc priest

Vault maps used:
D:1:      lightli_arrival_farm
D:2:      marbit_many_paths, nicolae_gozag_seed_capital, bloody_makhleb
D:3:      grunt_temple_overflow_lords_of_destruction, first_bread

Skill      XL: |  1  2  3  4  5 |
---------------+----------------+-----
Short Blades   | 3 4 5 6 |  6.8
Slings         | 2 |  2.2
Fighting       | |  2.6
Armour         | |  3.2
Shields        | |  3.2

Action                   |  1- 3 |  4- 6 || total
-------------------------+-------+-------++-------
Melee: Rapier            |   104 |   145 ||   249
 Fire: Hunting sling     |       |     4 ||     4
  Use: Potion            |     1 |     1 ||     2
       Scroll            |       |     2 ||     2
  Eat: Chunk             |       |     5 ||     5
Armor: Scale mail        |    48 |    46 ||    94
Dodge: Dodged            |    45 |    39 ||    84
Block: Shield            |    47 |    67 ||   114
